Map: Blackpink LE

Players

MinatoehFan

  • Race: Zerg Zerg
  • League: Master
  • Spawn Location: 1:00

Graphix - Winner!

  • Race: Zerg Zerg
  • League: Master
  • Spawn Location: 7:00

VOD

Have the link to the VOD?

Description

Time

  • Played on: Dec. 19, 2017, 4:14 p.m.
  • Length: 12:47
Show
View Real Time Build Order
Export as new Build Order

MinatoehFan Zerg 

Build Orders: Hatch First, Zergling Baneling 

Get SALT Encoding   

  12  0:03  Drone  
  13  0:18  Overlord  
  13  0:20  Drone  
  14  0:36  Drone x2  
  14  0:40  Drone  
  17  0:54  Hatchery  
  16  0:57  Drone  
  17  1:04  Drone  
  18  1:12  Extractor  
  17  1:18  Spawning Pool  
  17  1:19  Drone  
  17  1:23  Drone  
  18  1:33  Drone  
  19  1:45  Overlord  
  19  1:58  Drone  
  20  2:05  Queen  
  20  2:06  Queen  
  24  2:08  Zergling x2  
  24  2:09  Zergling x2  
  24  2:13  Metabolic Boost  
  26  2:16  Drone  
  27  2:23  Drone  
  28  2:33  Zergling x4  
  30  2:39  Overlord  
  30  2:40  Queen  
  32  2:47  Drone  
  33  2:54  Drone x2  
  35  3:05  Baneling Nest  
  34  3:09  Hatchery  
  34  3:10  Drone x2  
  35  3:13  Drone  
  35  3:15  Drone  
  37  3:24  Zergling x4  
  37  3:25  Zergling x2  
  40  3:29  Zergling x4  
  42  3:40  Zergling x4  
  44  3:42  Overlord  
  44  3:52  Overlord  
  44  4:02  Baneling  
  44  4:03  Zergling x10  
  44  4:05  Baneling  
  44  4:08  Baneling x2  
  46  4:13  Zergling x4  
  45  4:23  Zergling x6  
  45  4:24  Zergling x10  
  48  4:33  Overlord  
  48  4:36  Baneling x2  
  48  4:37  Baneling x3  
  48  4:39  Zergling x6  
  48  4:43  Drone x2  
  53  4:49  Drone  
  54  4:56  Baneling x2  
  53  5:01  Overlord  
  47  5:16  Zergling x12  
  47  5:17  Zergling x4  
  47  5:20  Drone x2  
  55  5:27  Drone x4  
  59  5:33  Baneling x4  
  58  5:37  Extractor  
  58  5:39  Roach Warren  
  56  5:44  Zergling x2  
  56  5:45  Zergling x4  
  59  5:51  Zergling x8  
  62  5:58  Zergling x6  
  64  6:07  Overlord x2  
  64  6:08  Zergling x8  
  64  6:09  Queen  
  70  6:18  Drone x5  
  70  6:22  Drone x2  
  68  6:27  Lair  
  67  6:33  Drone x3  
  70  6:42  Drone x2  
  70  6:43  Extractor, Drone  
  72  6:48  Baneling, Evolution Chamber  
  72  6:49  Baneling x4  
  72  6:52  Drone x4  
  75  6:57  Zergling x4  
  77  7:02  Baneling x2  
  77  7:12  Queen  
  76  7:18  Zerg Missile Weapons Level 1  
  73  7:23  Drone x2  
  73  7:24  Drone x3  
  73  7:29  Drone x3  
  80  7:30  Drone  
  80  7:35  Glial Reconstitution  
  80  7:39  Extractor  
  75  7:53  Roach x6  
  75  7:54  Roach  
  88  8:04  Drone x4  
  86  8:07  Drone x2  
  88  8:12  Drone  
  88  8:13  Drone  
  88  8:15  Overlord  
  89  8:28  Overlord  
  89  8:30  Overseer  
  89  8:34  Drone  
  89  8:35  Drone x2  
  89  8:36  Drone  
  89  8:38  Ravager x4  
  97  8:42  Overlord x2  
  97  8:43  Overlord  
  97  8:54  Overlord  
  96  8:57  Roach x4  
  96  9:02  Overlord x3  
  104  9:12  Roach x5  
  104  9:13  Roach x6  
  126  9:20  Drone x2  
  126  9:21  Drone x2  
  126  9:23  Extractor  
  129  9:27  Roach  
  129  9:31  Roach  
  133  9:36  Roach x2  
  137  9:43  Hatchery  
  136  9:49  Unknown  
  136  9:50  Roach x5  
  136  9:51  Overlord  
  136  9:52  Roach x3  
  152  9:53  Zerg Missile Weapons Level 2  
  152  9:59  Roach  
  152  10:05  Roach x3  
  150  10:07  Roach  
  150  10:09  Overlord x2  
  150  10:13  Tunneling Claws  
  152  10:21  Burrow  
  152  10:27  Roach x3  
  157  10:34  Roach x4  
  167  10:35  Roach  
  167  10:40  Overlord  
  167  10:41  Overlord  
  167  10:46  Roach x2  
  167  10:47  Roach x3  
  176  10:50  Overlord  
  170  10:59  Roach x5  
  170  11:03  Roach  
  170  11:04  Roach  
  175  11:08  Roach x2  
  162  11:13  Roach  
  142  11:22  Roach x2  
  142  11:23  Roach x8  
  142  11:24  Roach  
  143  11:28  Roach x2  
  138  11:34  Roach x2  
  138  11:37  Drone  
  143  11:43  Roach x3  
  143  11:48  Drone  
  143  11:49  Drone x2  
  142  11:59  Roach x2  
  142  12:01  Roach x2  
  150  12:05  Roach  
  152  12:09  Roach x6  
  152  12:11  Roach x4  
  152  12:15  Roach x3  
  136  12:24  Roach x3  
  136  12:26  Roach  
Show
View Real Time Build Order
Export as new Build Order

Graphix Zerg - Winner!

Build Orders: Hatch First, Zergling Baneling 

Get SALT Encoding   

  12  0:01  Drone  
  13  0:12  Overlord  
  13  0:16  Drone  
  14  0:30  Drone x2  
  17  0:35  Drone  
  17  0:53  Hatchery  
  17  0:56  Drone  
  17  0:58  Drone  
  17  1:01  Extractor  
  17  1:13  Spawning Pool  
  17  1:16  Drone  
  17  1:20  Drone  
  18  1:29  Drone  
  19  1:39  Overlord  
  19  2:01  Queen  
  21  2:02  Metabolic Boost  
  21  2:03  Zergling x2  
  21  2:04  Zergling x2  
  21  2:05  Queen  
  21  2:08  Zergling x2  
  26  2:19  Drone x2  
  26  2:22  Drone  
  29  2:37  Drone  
  29  2:40  Drone x2, Baneling Nest  
  31  2:53  Hatchery  
  31  2:56  Overlord  
  30  3:03  Zergling x4  
  32  3:13  Drone x4  
  36  3:21  Zergling x4  
  36  3:23  Drone  
  36  3:24  Drone x2  
  36  3:26  Baneling  
  41  3:33  Zergling x4  
  41  3:34  Zergling x2  
  42  3:48  Drone  
  42  3:49  Overlord  
  42  3:51  Baneling  
  43  3:56  Overlord  
  43  3:57  Baneling x2  
  43  4:04  Queen  
  45  4:14  Zergling x8  
  45  4:24  Zergling x6  
  45  4:25  Zergling x4  
  45  4:28  Baneling x2  
  45  4:31  Drone x7  
  55  4:45  Zergling x6  
  59  4:51  Baneling x2  
  60  4:53  Zergling x4  
  60  4:54  Zergling x2  
  61  5:00  Overlord  
  61  5:03  Baneling  
  61  5:04  Baneling  
  60  5:07  Zergling x4  
  52  5:23  Roach Warren, Evolution Chamber  
  52  5:24  Zergling x8  
  52  5:27  Lair, Hatchery  
  52  5:30  Extractor  
  48  5:38  Zergling x2  
  48  5:39  Queen, Zergling x2  
  52  5:48  Baneling x3  
  52  5:56  Zergling x2  
  52  5:57  Zergling x10  
  58  6:00  Baneling  
  58  6:01  Baneling  
  58  6:18  Drone x5  
  60  6:20  Drone  
  60  6:21  Drone  
  60  6:22  Drone  
  60  6:25  Zerg Missile Weapons Level 1  
  61  6:27  Extractor  
  61  6:32  Zergling x8  
  61  6:45  Drone x3  
  64  7:00  Roach  
  64  7:01  Roach x3  
  72  7:02  Overlord  
  72  7:03  Overlord  
  72  7:22  Roach x6  
  90  7:23  Roach x3  
  90  7:28  Baneling  
  90  7:29  Baneling x2  
  87  7:33  Drone x4  
  87  7:35  Overlord x2  
  89  7:40  Extractor  
  86  8:08  Drone x12  
  98  8:16  Roach x2  
  98  8:19  Glial Reconstitution  
  102  8:22  Roach  
  102  8:23  Roach  
  102  8:24  Extractor, Overlord x5  
  105  8:28  Overlord  
  105  8:30  Zerg Missile Weapons Level 2  
  105  8:31  Overseer  
  104  8:37  Hatchery  
  103  8:45  Drone x8  
  111  8:49  Extractor, Ravager  
  111  8:51  Unknown  
  111  8:52  Roach x5  
  121  8:59  Roach  
  123  9:07  Roach x3  
  129  9:17  Roach x6  
  133  9:18  Overlord x2  
  133  9:19  Overlord  
  141  9:28  Overlord x2  
  141  9:29  Overlord  
  141  9:38  Baneling x4  
  141  9:41  Roach x5  
  141  9:43  Ravager x3  
  141  9:44  Ravager x2  
  155  9:47  Roach  
  157  9:53  Roach x3  
  157  9:54  Roach  
  157  9:59  Roach x2  
  167  10:08  Roach x5  
  177  10:15  Roach x4  
  177  10:16  Roach  
  187  10:27  Roach  
  187  10:28  Roach  
  191  10:42  Overlord x4  
  191  10:43  Overlord  
  191  10:46  Hydralisk Den  
  189  10:53  Zerg Ground Armor Level 1  
  181  11:00  Roach x4  
  181  11:01  Roach x6  
  183  11:15  Roach x9  
  183  11:17  Roach  
  162  11:27  Muscular Augments, Lurker Den  
  162  11:30  Roach x3  
  155  11:45  Roach  
  155  11:46  Roach x7  
  162  11:57  Drone x2  
  164  12:09  Roach x9  
  182  12:22  Roach x4  
Tags
 
Add a new tag
Caveats
  • Supply blocks, unpowered buildings, or Contaminate may cause inaccurate times.
  • Supply counts are checked every 10 seconds.